 Dungeon Crawl Stone Soup version 0.31-a0-210-gccc998df9b (webtiles) character file.

Game seed: 12951633356544852207

147 qw the Shooter (level 5, -3/45 HPs)
             Began as a Minotaur Hexslinger on June 29, 2023.
             Slain by a gnoll
             ... wielding a +0 flail
              (10 damage)
             ... on level 3 of the Dungeon.
             The game lasted 00:00:45 (1605 turns).

qw the Shooter (Minotaur Hexslinger)                Turns: 1605, Time: 00:00:46

Health: -3/45      AC:  7    Str: 19    XL:     5   Next: 8%
Magic:  5/5        EV: 11    Int: 10    God:
Gold:   166        SH:  0    Dex: 14    Spells: 5/6 levels left

rFire   . . .        Y - +1 sling
rCold   . . .        (no shield)
rNeg    . . .        i - +2 ring mail {Will+}
rPois   .            (helmet restricted)
rElec   .            (no cloak)
rCorr   .            (no gloves)
SInv    .            (no boots)
Will    +....        (no amulet)
Stlth   +            g - +6 ring of strength
HPRegen 0.27/turn    (no ring)
MPRegen 0.09/turn

%: no passive effects
@: no status effects
A: horns 2, retaliatory headbutt
a: no special abilities


You were on level 3 of the Dungeon.
You visited 1 branch of the dungeon, and saw 3 of its levels.

You collected 166 gold pieces.


Innate Abilities, Weirdness & Mutations

You have a pair of horns on your head.
You reflexively headbutt those who attack you in melee.


   Skills:
 - Level 3.1 Fighting
 - Level 5.2 Ranged Weapons
 + Level 0.0 Armour
 - Level 2.1 Dodging
 - Level 1.0 Spellcasting
 - Level 2.0 Hexes


You had 5 spell levels left.
You knew the following spells:

 Your Spells              Type           Power      Damage    Failure   Level
a - Slow                  Hex            16%        N/A       26%         1

Your spell library contained the following spells:

 Spells                   Type           Power      Damage    Failure   Level
 Inner Flame              Hex/Fire       2%         N/A       75%         3
 Portal Projectile        Hex/Tloc       4%         N/A       75%         3
 Cause Fear               Hex            2%         N/A       95%         4

Inventory:

Hand Weapons
 Y - a +1 sling (weapon)
Armour
 i - a +2 ring mail of willpower (worn)
Jewellery
 g - a +6 ring of strength (left hand)
Wands
 a - a wand of digging (3)
Scrolls
 b - a scroll of blinking {unknown}
Potions
 c - a potion of heal wounds {unknown}
 e - a potion of curing {unknown}
 f - a potion of invisibility {unknown}

Dungeon Overview and Level Annotations

Branches:
Dungeon (3/15)

Altars:


Message History

The orc barely misses you. The gnoll barely misses you.
You shoot a sling bullet. The sling bullet hits the orc!
You kill the orc!
The gnoll hits you with a +0 club.
You have reached level 5!
You shoot a sling bullet.
The sling bullet hits the gnoll but does no damage.
The gnoll closely misses you.
A gnoll comes into view. It is wielding a +0 spear.
The gnoll hits you with a +0 club. The gnoll hits you with a +0 flail.
The orc hits you with a +0 war axe. The gnoll closely misses you.
You furiously retaliate!
You headbutt the gnoll!
The gnoll moves out of view.
You shoot a sling bullet.
The sling bullet barely misses the gnoll.
The orc barely misses you.
An orc comes into view. It is wielding a +0 whip.
The gnoll closely misses you.
You shoot a sling bullet. The orc shouts!
The sling bullet hits the gnoll.
You kill the gnoll!
You hear a shout!
The gnoll barely misses you. The orc closely misses you.
Your Fighting skill increases to level 3!
You shoot a sling bullet.
The sling bullet closely misses the gnoll.
The gnoll hits you with a +0 flail. The orc closely misses you.
A gnoll comes into view. It is wielding a +0 club.
You shoot a sling bullet.
The sling bullet barely misses the gnoll.
The gnoll barely misses you. The orc hits you but does no damage.
The gnoll hits you but does no damage. The orc barely misses you.
You shoot a sling bullet.
The sling bullet closely misses the gnoll.
The orc barely misses you. The orc closely misses you.
The gnoll hits you with a +0 flail!
You shoot a sling bullet. The sling bullet hits the gnoll.
The gnoll is heavily wounded.
The gnoll hits you with a +0 flail!
You die...

######## ...<...#
....... .......# ......#
.......# .......
.......# .......
.......##########.......
........................
................g)......
..........%%....@o..g#
.................o.##...
#######......#####.....
#......# ##.... ####..##
... #.## .. #.# . #.#
(.#


You could see 2 gnolls and 2 orcs.

Vanquished Creatures
  Ijyb (D:2)
  A gnoll (D:3)
  6 adders
  A worm (D:2)
  3 dart slugs
  3 orcs (D:3)
  A ball python (D:1)
  4 bats
  4 endoplasms
  2 giant cockroaches (D:1)
  2 hobgoblins (D:1)
  3 jackals (D:2)
  2 quokkas (D:2)
  A frilled lizard (D:2)
  7 goblins
  4 kobolds (D:1)
  4 rats
49 creatures vanquished.

Notes
Turn   | Place    | Note
-------+----------+-------------------------------------------
     0 | D:1      | qw the Minotaur Hexslinger began the quest for the Orb.
     0 | D:1      | Reached XP level 1. HP: 16/16 MP: 1/1
     0 | D:1      | 0 ||| qw: Version: 0.3-a-24-g62f9e04
     0 | D:1      | 0 ||| qw: Game counter: 6650
     0 | D:1      | 0 ||| qw: Melee chars always use a shield: true
     0 | D:1      | 0 ||| qw: God list: Okawaru
     0 | D:1      | 0 ||| qw: Allow faded altars: false
     0 | D:1      | 0 ||| qw: Do Orc after clearing Dungeon:15 true
     0 | D:1      | 0 ||| qw: Do second Lair branch before Depths: true
     0 | D:1      | 0 ||| qw: Lair rune preference: random
     0 | D:1      | 0 ||| qw: Goals: Normal
     0 | D:1      | 0 ||| PLANNING D:1-11
    29 | D:1      | 29 ||| FLEEEEING.
    31 | D:1      | 31 ||| FLEEEEING.
   107 | D:1      | 107 ||| Stepping ~*~*~tactically~*~*~ (water).
   172 | D:1      | Reached skill level 3 in Ranged Weapons
   172 | D:1      | Reached XP level 2. HP: 17/23 MP: 2/2
   528 | D:1      | 528 ||| PLANNING D:1-11
   761 | D:1      | 761 ||| UPGRADING to +0 leather armour.
   771 | D:1      | 771 ||| DROPPING +0 robe.
   772 | D:1      | 772 ||| UPGRADING to +2 ring mail of willpower.
   782 | D:1      | 782 ||| DROPPING +0 leather armour.
   783 | D:1      | 783 ||| UPGRADING to +6 ring of strength.
   784 | D:1      | 784 ||| READING scroll labelled BOLOPL MOOLAU.
   785 | D:1      | 785 ||| READING scroll labelled DOEMIP XYISTIOCK.
   786 | D:1      | 786 ||| DROPPING scroll of poison.
   808 | D:2      | Reached XP level 3. HP: 28/29 MP: 3/3
   822 | D:2      | Reached skill level 4 in Ranged Weapons
   905 | D:2      | 905 ||| FLEEEEING.
  1008 | D:2      | Reached XP level 4. HP: 36/36 MP: 4/4
  1448 | D:2      | 1448 ||| READING scroll labelled JEASTR CECU.
  1449 | D:2      | 1449 ||| DRINKING 2 metallic emerald potions.
  1450 | D:2      | 1450 ||| DROPPING potion of attraction.
  1467 | D:3      | Noticed Ijyb
  1469 | D:3      | 1469 ||| STAIRDANCE
  1490 | D:2      | Killed Ijyb
  1491 | D:2      | Reached skill level 5 in Ranged Weapons
  1567 | D:3      | 1567 ||| FLEEEEING.
  1599 | D:3      | Reached XP level 5. HP: 26/44 MP: 5/5
  1602 | D:3      | Reached skill level 3 in Fighting
  1604 | D:3      | HP: 7/45 [gnoll/+0 flail (9)]
  1605 | D:3      | Slain by a gnoll

Levels and vault maps discovered:
D:1:      dpeg_arrival_radiant, layout_loops_ring, solitary_fountain,
          kennysheep_crisscross, chequers_serial_rivers_micro_d
D:2:      layout_basic, hangedman_decor_points, hex_medium
D:3:      minmay_evil_eye, layout_rooms, shapermc_ecumenical_altar_mp_highgroup,
          uniq_ijyb

Skill      XL: |  1  2  3  4  5 |
---------------+----------------+-----
Ranged Weapons | 3 4 5 |  5.2
Fighting       | 2 3 |  3.1
Dodging        | |  2.1
Spellcasting   | |  1.0
Hexes          | |  2.0

Action                     |  1- 3 |  4- 6 || total
---------------------------+-------+-------++-------
   Fire: Sling             |   121 |    80 ||   201
    Use: Scroll            |     2 |     1 ||     3
         Potion            |       |     1 ||     1
 Armour: Robe              |     6 |       ||     6
         Ring mail         |    20 |    18 ||    38
  Dodge: Dodged            |    33 |    33 ||    66

Table legend:
 A = Non-vault XP
 B = Vault XP
 C = Vault XP percentage of total XP
 D = Non-vault monster count
 E = Vault monster count
 F = Vault count percentage of total count
                 A         B        C        D         E       F
            +---------+---------+-------+---------+---------+-------
      Total |     176 |      35 |  16.6 |      48 |       1 |   2.0
            +---------+---------+-------+---------+---------+-------
        D:1 |      38 |       0 |   0.0 |      20 |       0 |   0.0
        D:2 |      85 |      35 |  29.2 |      21 |       1 |   4.5
        D:3 |      53 |       0 |   0.0 |       7 |       0 |   0.0
            +---------+---------+-------+---------+---------+-------
